 Dungeon Crawl Stone Soup version 0.31-a0-222-gefeffbb62a (webtiles) character file.

Game seed: 8625743830378400949

49800 kae the Transmogrifier (level 14, -25/152 (153) HPs)
             Began as a Demonspawn Transmuter on July 5, 2023.
             Was an Elder of Ru.
             Annihilated by a dire elephant simulacrum (26 damage)
             ... animated by a necromancer
             ... on level 5 of the Lair of Beasts.
             The game lasted 00:23:40 (21091 turns).

kae the Transmogrifier (Demonspawn Transmuter)     Turns: 21091, Time: 00:23:40

HP:   -25/152 (153) AC: 31    Str:  9    XL:     14   Next: 17%
MP:   20/20         EV: 15    Int: 29    God:    Ru [****..]
Gold: 1080          SH:  4    Dex: 14    Spells: 5/21 levels left

rFire   . .          .
                       - Unarmed
rCold   . . .        (no shield)
rNeg    + . .        a - melded +2 robe
rPois   ∞            (no helmet)
rElec   +            (no cloak)
rCorr   .            (gloves currently unavailable)
SInv    .            (boots unavailable)
Will    +....        o - amulet "Egiuw" {rElec rPois Regen+ Str-2}
Stlth   +            I - +6 ring of intelligence
HPRegen 1.25/turn    O - +4 ring of protection
MPRegen 0.17/turn

%: no passive effects
@: statue-form, wereblooded, lightly drained, unable to read, very slow
A: slow and powerful, torment resistance 1, boosted hp, hooves 3, robust 1,
spiny 2, inability to read after injury 2, inability to use devices, inability
to train armour, big brain 2, condensation shield
a: End Transformation, Renounce Religion, Draw Out Power, Power Leap


You were on level 5 of the Lair of Beasts.
You worshipped Ru.
Ru was greatly pleased with you.
You were a living statue of rough stone.
You visited 3 branches of the dungeon, and saw 17 of its levels.
You also visited: Ossuary.

You collected 1227 gold pieces.
You spent 147 gold pieces at shops.


Innate Abilities, Weirdness & Mutations

You are a living statue of rough stone.
Your actions are slow, but your melee attacks are powerful.
You are resistant to unholy torment.
Your maximum health is greatly increased.
You are immune to poison.
Your equipment is partially melded.
You have hooves in place of feet.
You are robust. (+10% HP)
You are mostly covered in sharp spines.
You sometimes lose the ability to read scrolls when taking damage.
You cannot study or use magical devices.
You cannot train Armour skill.
You have an extremely huge brain. (Int +4)
A meltable shield of frost defends you. (SH +4)


   Skills:
 + Level 9.5 Fighting
 - Level 7.0 Dodging
 + Level 9.8 Unarmed Combat
 - Level 4.0 Spellcasting
 - Level 12.0 Transmutations
 - Level 6.0 Ice Magic
 - Level 12.0 Earth Magic
 - Level 2.0 Poison Magic


You had 5 spell levels left.
You knew the following spells:

 Your Spells              Type           Power      Damage    Failure   Level
a - Statue Form           Tmut/Erth      44%        N/A       8%          6
b - Wereblood             Tmut           66%        N/A       1%          2
c - Spider Form           Tmut/Pois      46%        N/A       1%          3
d - Ice Form              Ice/Tmut       55%        N/A       1%          4
e - Beastly Appendage     Tmut           100%       N/A       1%          1

Your spell library contained the following spells:

 Spells                   Type           Power      Damage    Failure   Level
 Freeze                   Ice            100%       1d10      1%          1
 Frozen Ramparts          Ice            80%        1d13      1%          3
 Hailstorm                Conj/Ice       23%        3d7       6%          3
 Shock                    Conj/Air       20%        1d4       7%          1
 Slow                     Hex            20%        N/A       7%          1
 Scorch                   Fire           10%        2d5       11%         2
 Static Discharge         Conj/Air       10%        2-3/arc   11%         2
 Alistair's Intoxication  Tmut/Pois      30%        N/A       11%         5
 Yara's Violent Unravell  Hex/Tmut       20%        3d9       16%         5
 Dazzling Flash           Conj/Hex       10%        N/A       21%         3
 Swiftness                Air            5%         N/A       21%         3
 Volatile Blastmotes      Fire/Tloc      10%        2d10      21%         3
 Airstrike                Air            2%         2d(1-17)  56%         4
 Flame Wave               Conj/Fire      5%         2d5       56%         4
 Iskenderun's Mystic Bla  Conj/Tloc      5%         2d3       56%         4
 Summon Lightning Spire   Summ/Air       5%         N/A       56%         4
 Freezing Cloud           Conj/Ice/Air   8%         6-21      63%         5
 Summon Mana Viper        Hex/Summ       5%         N/A       88%         5
 Starburst                Conj/Fire      2%         6d3       100%        6
 Summon Cactus Giant      Summ           2%         N/A       100%        6
 Chain Lightning          Conj/Air       2%         3d3       100%        9

Inventory:

Missiles
 e - 9 boomerangs
 g - 54 poisoned darts
 j - 200 stones
 m - 4 atropa-tipped darts
 A - 6 curare-tipped darts {=f}
 H - 5 javelins
 Y - 6 datura-tipped darts
Armour
 a - a +2 robe (melded)
 p - the +7 ring mail of the Slimy Gastropod {Dex+3}
   (You found it on level 4 of the Dungeon)

   Dex:       It affects your dexterity (+3).
Jewellery
 c - a ring of ice
   (You found it on level 8 of the Dungeon)
 o - the amulet "Egiuw" (around neck) {rElec rPois Regen+ Str-2}
   (You acquired it on level 1 of the Lair of Beasts)

   [amulet of regeneration]

   Str:       It affects your strength (-2).
   rElec:     It insulates you from electricity.
   rPois:     It protects you from poison.
   Regen:     It increases your rate of health regeneration.
 s - a +6 ring of strength
   (You found it on level 5 of the Dungeon)
 C - a ring of ice
   (You found it on level 5 of the Dungeon)
 F - a ring of protection from fire
   (You found it on level 6 of the Dungeon)
 I - a +6 ring of intelligence (left fist)
   (You found it on level 1 of the Dungeon)
 J - an amulet of reflection
   (You took it off a kobold brigand on level 9 of the Dungeon)
 L - a ring of flight
   (You found it on level 1 of the Dungeon)
 N - a ring of ice
   (You found it on level 3 of the Lair of Beasts)
 O - a +4 ring of protection (right fist)
   (You found it on level 2 of the Dungeon)
 P - a ring of poison resistance
   (You found it on level 4 of the Lair of Beasts)
 R - a ring of willpower
   (You found it on level 3 of the Dungeon)
 S - a +6 ring of strength
   (You found it on level 2 of the Dungeon)
 W - a ring of protection from cold
   (You found it on level 8 of the Dungeon)
Scrolls
 d - 2 scrolls of summoning
 f - 5 scrolls of immolation {!r!r}
 i - 6 scrolls of teleportation {@r4}
 l - a scroll of fear
 t - 7 scrolls of identify {@r1}
 u - 3 scrolls of vulnerability {!r!r}
 x - a scroll of enchant armour
 y - a scroll of amnesia
 z - 2 scrolls of enchant weapon
 G - a scroll of silence {!r}
 K - 2 scrolls of poison {!r}
 M - 4 scrolls of blinking {!r}
 Q - a scroll of torment {!r}
 V - a scroll of revelation
Potions
 b - 8 potions of curing {@q1}
 h - 2 potions of magic
 k - 6 potions of brilliance
 n - 2 potions of haste {@q3}
 q - 2 potions of attraction {!q}
 r - 4 potions of might
 v - 6 potions of heal wounds {@q2}
 w - 2 potions of ambrosia
 B - 2 potions of mutation {!q}
 D - a potion of cancellation
 E - 2 potions of lignification {!q}
 T - 7 potions of enlightenment
 X - 2 potions of berserk rage {!q}

Dungeon Overview and Level Annotations

Branches:
Dungeon (11/15) Zot: 25691  Temple (1/1) D:7 Zot: 5822    Lair (5/5) D:9 Zot: 22944
 Shoals (0/4) Lair:2        Snake (0/4) Lair:2        Slime (0/5) Lair:4
    Orc (0/2) D:11        Ossuary (visited)

Altars:
Ashenzari
Cheibriados
Dithmenos
Fedhas
Gozag
Hepliaklqana
Kikubaaqudgha
Makhleb
Nemelex Xobeh
Okawaru
Qazlal
Ru
Sif Muna
Trog
Uskayaw
Vehumet
Wu Jian
Xom
Yredelemnul
Jiyva

Shops:
D:3 ?   D:5 !

Annotations:
D:3 Ijyb

##### ♣♣#.#.#### ♣♣PPP...8.###
♣P.....ZZY..## ...P##.#......# .
###''#''#### ### ###
#8..#....8##.~~##8.P ##.###
#P..#P....'..~≈~'... .....#
#.#.####.8#.~≈≈≈'...
.....#########'#...P####.≈≈≈≈#8Yp
.....# #8.....####....#Y~~~.####


You could see a dire elephant, a spectral anaconda and a dire elephant
simulacrum.


Message History

You can read scrolls again.
The spectral anaconda grabs the withered plant.
The spectral anaconda bites the withered plant.
The withered plant begins to crumble.
The spectral anaconda constricts the withered plant.
The dire elephant is stunned by your conviction and fails to attack.
The necromancer barely misses you. 😨 HP[+2]
You regained 2 hp, and now have 55/149 hp.
Unknown command.
You hit the necromancer. You kick the necromancer.
You feel less exhausted.
The spectral anaconda loses its grip on the withered plant.
The necromancer is struck by your spines.
You feel a bit better.
You kill the necromancer!
The dire elephant misses you.
The dire elephant trunk-slaps you but does no damage. 😨 HP[+3]
You now have 152 max hp (+3).
You regained 3 hp, and now have 58/152 hp.
Unknown command.
You pummel the dire elephant!! You kick the dire elephant.
You howl as the wereblood boils in your veins!
The dire elephant tramples you.
* * * LOW HITPOINT WARNING * * *
You hold your ground!
The dire elephant trunk-slaps you!
* * * LOW HITPOINT WARNING * * *
The dire elephant is stunned by your conviction and fails to attack.
You block the dire elephant simulacrum's attack.
The dire elephant simulacrum trunk-slaps you but does no damage. 😨 HP[-10]
You take 10 damage, and now have 48/152 hp.
Unknown command.
You punch the dire elephant! You kick the dire elephant.
You block the spectral anaconda's attack.
The spectral anaconda bites you but does no damage.
The dire elephant tramples you!!
You feel threatened and lose the ability to read scrolls!
* * * LOW HITPOINT WARNING * * *
You hold your ground!
The dire elephant barely misses you.
The dire elephant simulacrum is stunned by your conviction and fails to attack. 😱 HP[-21]
You take 21 damage, and now have 27/152 hp.
Unknown command.
You hit the dire elephant but do no damage.
You kick the dire elephant, but do no damage.
You howl as the wereblood boils in your veins!
The withered plant crumbles away.
The spectral anaconda barely misses you.
The spectral anaconda bites you.
* * * LOW HITPOINT WARNING * * *
You focus your inner power and blind the spectral anaconda in retribution!
The dire elephant tramples you.
* * * LOW HITPOINT WARNING * * *
You hold your ground!
The dire elephant misses you. 😱 HP[-4]
You take 4 damage, and now have 23/152 hp.
Unknown command.
You punch the dire elephant! The spectral anaconda bites you.
* * * LOW HITPOINT WARNING * * *
The dire elephant simulacrum tramples you but does no damage.
The dire elephant simulacrum trunk-slaps you but does no damage.
The dire elephant barely misses you. The dire elephant closely misses you.
The spectral anaconda is struck by your spines.
The spectral anaconda misses you. 😱 HP[-2]
You take 2 damage, and now have 21/152 hp.
Unknown command.
You pummel the dire elephant!! You kick the dire elephant!
You punch the dire elephant, but do no damage.
You howl as the wereblood boils in your veins!
You can read scrolls again.
The spectral anaconda is no longer blind.
The spectral anaconda is struck by your spines.
The spectral anaconda bites you but does no damage.
The dire elephant barely misses you. x2
You block the dire elephant simulacrum's attack.
The dire elephant simulacrum trunk-slaps you.
* * * LOW HITPOINT WARNING * * *
The dire elephant simulacrum freezes you!
You feel threatened and lose the ability to read scrolls!
* * * LOW HITPOINT WARNING * * *
The spectral anaconda is stunned by your conviction and fails to attack. 😱 HP[-17]
You take 17 damage, and now have 4/152 hp.
Unknown command.
You punch the dire elephant!
You kick the dire elephant, but do no damage.
You howl as the wereblood boils in your veins!
The spectral anaconda is struck by your spines.
The spectral anaconda completely misses you.
The dire elephant tramples you but does no damage.
The dire elephant trunk-slaps you but does no damage.
The spectral anaconda bites you but does no damage.
The dire elephant simulacrum tramples you but does no damage.
The dire elephant simulacrum trunk-slaps you.
* * * LOW HITPOINT WARNING * * *
The dire elephant simulacrum freezes you!!
You die...

Skill      XL: |  1  2  3  4  5  6  7  8  9 10 11 12 13 14 |
---------------+-------------------------------------------+-----
Transmutations | 2 3 4 6 7 9 10 12 | 12.0
Unarmed Combat | 3 4 5 7 8 9 |  9.8
Poison Magic   | 1 2 |  2.0
Spellcasting   | 3 4 |  4.0
Ice Magic      | 1 2 4 6 |  6.0
Dodging        | 3 5 6 7 |  7.0
Fighting       | 3 5 7 8 9 |  9.5
Earth Magic    | 1 9 12 | 12.0

Action                     |  1- 3 |  4- 6 |  7- 9 | 10-12 | 13-15 || total
---------------------------+-------+-------+-------+-------+-------++-------
  Melee: Unarmed           |    74 |   194 |   361 |   747 |   343 ||  1719
         Headbutt          |    12 |     1 |       |       |       ||    13
         Kick              |    14 |     5 |       |    67 |   175 ||   261
         Punch             |       |       |       |     8 |    33 ||    41
   Cast: Beastly Appendage |    16 |     1 |       |       |     1 ||    18
         Spider Form       |     3 |    24 |     2 |       |       ||    29
         Wereblood         |       |     7 |    16 |    25 |     9 ||    57
         Ice Form          |       |     2 |    34 |    59 |       ||    95
         Statue Form       |       |       |       |    10 |    40 ||    50
 Invoke: Sacrifice Words   |       |       |       |     1 |       ||     1
         Sacrifice Artific |       |       |       |       |     1 ||     1
         Sacrifice Durabil |       |       |       |       |     1 ||     1
         Draw Out Power    |       |       |       |       |     1 ||     1
Ability: End Transformatio |       |       |     1 |       |       ||     1
  Evoke: Wand              |       |       |     3 |    16 |       ||    19
    Use: Scroll            |     3 |     8 |     8 |     7 |     1 ||    27
         Potion            |       |     1 |       |       |       ||     1
   Stab: Distracted        |       |       |       |       |     1 ||     1
         Invisible         |       |       |       |       |     1 ||     1
 Armour: Robe              |     5 |     8 |     1 |     1 |     5 ||    20
         Skin              |       |    49 |   152 |   382 |   260 ||   843
  Dodge: Dodged            |    68 |   141 |   178 |   481 |   341 ||  1209
  Block: Other             |       |       |       |   183 |    84 ||   267
         Reflection        |       |       |       |     2 |       ||     2

Levels and vault maps discovered:
D:1:      onia_arrival_pentagram, layout_basic, minivault_26,
          minmay_tromino_v4_b
D:2:      layout_rooms
D:3:      layout_basic, serial_shops, nicolae_shop_rolled_up, item_on_display_a,
          uniq_robin, uniq_ijyb
D:4:      layout_loops_cross, makhleb_heckhound_becter, serial_rivers,
          chequers_serial_rivers_room_b, chequers_serial_rivers_marsh,
          chequers_serial_rivers_large_b, chequers_serial_rivers_micro_e
D:5:      layout_layer_cave, nicolae_ossuary_entry_ruins, serial_shops,
          nicolae_shop_tiny_glass, nicolae_figureground_pulse, uniq_sigmund
D:6:      layout_rooms, mainiacjoe_overflow_alcove_2, grunt_ministairs_15,
          uniq_pikel
D:7:      layout_loops_ring, minmay_temple_entry_nine_rooms
D:8:      kennysheep_six_static_rooms, layout_loops_ring, uniq_maurice,
          uniq_joseph
D:9:      kennysheep_town
D:10:     layout_irregular_city, grunt_temple_overflow_open,
          mainiacjoe_overflow_six_doors_small, elyvilon_altar_4
D:11:     layout_loops_ring, david_orc_4
Temple:   nicolae_temple_bog_church
Lair:1:   beast_lair_carwin_large_1, layout_regular_city, serial_bayou_shore_a,
          grunt_megastairs_4, infiniplex_staircase_pool
Lair:2:   layout_hall_layers, shoals_dummy_entry, guppyfry_snake_entry_garden,
          st_stairs_3, serial_bayou_shore_b
Lair:3:   pond_and_an_island_with_a_cottage, layout_layer_cave
Lair:4:   layout_regular_city, dpeg_slime_entry_enclosed, grunt_megastairs_2,
          serial_bayou_shore_b
Lair:5:   due_jungle_book, layout_regular_city, gauntlet_entry_generic,
          grunt_forest_small_clearings, lemuel_oklob_altar

Notes
Turn   | Place    | Note
-------+----------+-------------------------------------------
     0 | D:1      | kae the Demonspawn Transmuter began the quest for the Orb.
     0 | D:1      | Reached XP level 1. HP: 15/15 MP: 3/3
     0 | D:1      | magus.rc [v1.11.3]
    90 | D:1      | Reached skill level 2 in Transmutations
   184 | D:1      | Lost mutation: You have razor-sharp toenails. [demonic
                  | ancestry]
   184 | D:1      | Lost mutation: You have sharp toenails. [demonic ancestry]
   184 | D:1      | Gained mutation: You have large cloven feet. [demonic
                  | ancestry]
   184 | D:1      | Reached XP level 2. HP: 20/21 MP: 3/5
   791 | D:1      | Learned a level 2 spell: Wereblood
   841 | D:2      | Reached skill level 3 in Unarmed Combat
   980 | D:1      | Reached XP level 3. HP: 26/26 MP: 6/6
   984 | D:1      | Learned a level 3 spell: Spider Form
   992 | D:1      | HP: 4/26 [gnoll/+0 whip (6)]
  1158 | D:2      | Reached skill level 3 in Transmutations
  1158 | D:2      | Reached skill level 1 in Poison Magic
  1158 | D:2      | Gained mutation: You have an unusually large brain. (Int
                  | +2) [demonic ancestry]
  1158 | D:2      | Reached XP level 4. HP: 22/32 MP: 4/7
  1656 | D:2      | Reached skill level 2 in Poison Magic
  1656 | D:2      | Gained mutation: You have hoof-like feet. [demonic
                  | ancestry]
  1656 | D:2      | Reached XP level 5. HP: 14/37 MP: 5/9
  2000 | D:3      | Reached skill level 3 in Spellcasting
  2000 | D:3      | Noticed Ijyb
  2475 | D:3      | Noticed Robin
  2515 | D:3      | Killed Robin
  2525 | D:3      | Reached skill level 4 in Transmutations
  2617 | D:3      | Learned a level 4 spell: Ice Form
  2657 | D:3      | You pick up a book of Frost and begin reading...
  2657 | D:3      | You add the spells Freeze, Frozen Ramparts and Hailstorm to
                  | your library.
  2720 | D:3      | Found Tilod's Magic Scroll Shoppe.
  2723 | D:3      | Bought a scroll of identify for 28 gold pieces
  2723 | D:3      | Bought a scroll of identify for 28 gold pieces
  2723 | D:3      | Bought a scroll of noise for 14 gold pieces
  3009 | D:4      | Reached skill level 1 in Ice Magic
  3009 | D:4      | Gained mutation: You have hooves in place of feet. [demonic
                  | ancestry]
  3009 | D:4      | Reached XP level 6. HP: 28/43 MP: 6/11
  3217 | D:4      | Reached skill level 2 in Ice Magic
  3371 | D:4      | Identified the +7 ring mail of the Slimy Gastropod {Dex+3}
  3400 | D:4      | Found a burning altar of Makhleb.
  3717 | D:4      | Gained mutation: You are partially covered in sharp spines.
                  | [demonic ancestry]
  3717 | D:4      | Reached XP level 7. HP: 48/48 MP: 8/12
  3775 | D:4      | Reached skill level 5 in Transmutations
  4092 | D:5      | Entered Level 5 of the Dungeon
  4118 | D:5      | Reached skill level 3 in Ice Magic
  4124 | D:5      | Reached skill level 4 in Spellcasting
  4187 | D:5      | Noticed Sigmund
  4197 | D:5      | Killed Sigmund
  4198 | D:5      | Reached skill level 4 in Ice Magic
  4203 | D:5      | Reached skill level 6 in Transmutations
  4203 | D:5      | Reached XP level 8. HP: 20/54 MP: 11/14
  4221 | D:5      | HP: 14/64 [acid (4)]
  4237 | D:5      | Found a sand-covered staircase.
  4245 | Ossuary  | Entered an ossuary
  4806 | D:5      | Reached skill level 5 in Ice Magic
  5009 | D:5      | Reached skill level 7 in Transmutations
  5103 | D:5      | Found Meufrewk's Distillery.
  5171 | D:5      | Bought a potion of heal wounds for 55 gold pieces
  5171 | D:5      | Bought 2 potions of degeneration for 22 gold pieces
  5290 | D:5      | You pick up a book of Spectacle and begin reading...
  5290 | D:5      | You add the spells Volatile Blastmotes, Dazzling Flash,
                  | Iskenderun's Mystic Blast and Starburst to your library.
  5366 | D:5      | Reached skill level 6 in Ice Magic
  6309 | D:6      | Gained mutation: You have an extremely huge brain. (Int +4)
                  | [demonic ancestry]
  6309 | D:6      | Reached XP level 9. HP: 59/59 MP: 7/15
  6428 | D:6      | Reached skill level 8 in Transmutations
  6485 | D:6      | Reached skill level 2 in Dodging
  6600 | D:6      | Found a snail-covered altar of Cheibriados.
  6971 | D:6      | Noticed Pikel
  6981 | D:6      | Killed Pikel
  6982 | D:6      | Reached skill level 2 in Fighting
  7204 | D:7      | You pick up a book of Scorching and begin reading...
  7204 | D:7      | You add the spells Scorch, Flame Wave and Summon Cactus
                  | Giant to your library.
  7359 | D:7      | You fall into a shaft and drop 3 floors!
  7359 | D:10     | Entered Level 10 of the Dungeon
  7385 | D:10     | Reached skill level 3 in Dodging
  7516 | D:10     | Found a radiant altar of Vehumet.
  7579 | D:10     | Reached skill level 4 in Unarmed Combat
  7770 | D:10     | Reached skill level 3 in Fighting
  7914 | D:10     | Noticed a komodo dragon
  7922 | D:10     | Killed a komodo dragon
  7923 | D:10     | Reached skill level 9 in Transmutations
  8143 | D:10     | Gained mutation: A meltable shield of frost defends you.
                  | (SH +4) [demonic ancestry]
  8143 | D:10     | Reached XP level 10. HP: 71/71 MP: 11/16
  8234 | D:10     | Found a bloodstained altar of Trog.
  8234 | D:10     | Found a hide-covered altar of Uskayaw.
  8235 | D:10     | Found a sparkling altar of Nemelex Xobeh.
  8235 | D:10     | Found a shadowy altar of Dithmenos.
  8235 | D:10     | Found a blossoming altar of Fedhas.
  8235 | D:10     | Found a shimmering blue altar of Sif Muna.
  8465 | D:10     | Found an opulent altar of Gozag.
  8551 | D:10     | Reached skill level 4 in Dodging
  8558 | D:10     | Reached skill level 4 in Fighting
  8808 | D:9      | Noticed a manticore
  8823 | D:9      | Killed a manticore
  8824 | D:9      | Reached skill level 5 in Unarmed Combat
  9172 | D:9      | Reached skill level 10 in Transmutations
  9468 | D:9      | Found a staircase to the Lair.
  9517 | D:9      | HP: 20/87 [troll (5)]
  9520 | D:9      | HP: 8/87 [troll (13)]
  9791 | D:9      | Reached skill level 5 in Fighting
 10113 | D:9      | Reached skill level 5 in Dodging
 10317 | D:9      | Noticed a manticore
 10325 | D:9      | Killed a manticore
 10508 | D:9      | Noticed a two-headed ogre
 10596 | D:9      | Gained mutation: You are robust. (+10% HP) [demonic
                  | ancestry]
 10596 | D:9      | Reached XP level 11. HP: 88/88 MP: 11/17
 10606 | D:9      | You pick up a book of Air and begin reading...
 10606 | D:9      | You add the spells Shock, Swiftness and Airstrike to your
                  | library.
 10756 | D:9      | Noticed a two-headed ogre
 10762 | D:9      | Reached skill level 6 in Unarmed Combat
 10777 | D:9      | Killed a two-headed ogre
 10778 | D:9      | Reached skill level 11 in Transmutations
 10960 | D:9      | You add the spells Yara's Violent Unravelling, Alistair's
                  | Intoxication and Statue Form to your library.
 10960 | D:9      | Got the Notes on Changing and Vitiation
 11192 | D:8      | Noticed Joseph
 11204 | D:8      | Killed Joseph
 11205 | D:8      | Reached skill level 6 in Fighting
 11293 | D:8      | Noticed Maurice
 11312 | D:8      | Killed Maurice
 11681 | D:8      | Reached skill level 6 in Dodging
 12865 | D:7      | Found a staircase to the Ecumenical Temple.
 13012 | Temple   | Entered the Ecumenical Temple
 13170 | Temple   | Became a worshipper of Ru the Awakened
 13288 | D:9      | Killed a two-headed ogre
 13499 | D:9      | Found a shadowy altar of Dithmenos.
 13829 | D:11     | Reached skill level 7 in Unarmed Combat
 13833 | D:11     | You add the spells Slow, Freezing Cloud, Summon Mana Viper
                  | and Chain Lightning to your library.
 13833 | D:11     | Got Gosewn's Handbook of the Aerial Wyrd
 13841 | D:11     | Learned a level 6 spell: Statue Form
 13907 | D:11     | Noticed a two-headed ogre
 13916 | D:11     | Killed a two-headed ogre
 14048 | D:11     | Noticed a boulder beetle
 14057 | D:11     | Reached skill level 7 in Fighting
 14057 | D:11     | Reached skill level 12 in Transmutations
 14059 | D:11     | Reached skill level 1 in Earth Magic
 14082 | D:11     | Killed a boulder beetle
 14083 | D:11     | Reached XP level 12. HP: 60/100 MP: 18/18
 14094 | D:11     | HP: 30/120 [orc warrior/+0 battleaxe (16)]
 14099 | D:11     | Reached skill level 7 in Dodging
 14099 | D:11     | Reached skill level 2 in Earth Magic
 14367 | D:11     | Found a staircase to the Orcish Mines.
 15049 | Lair:1   | Entered Level 1 of the Lair of Beasts
 15198 | Lair:1   | Reached skill level 3 in Earth Magic
 15210 | Lair:1   | Reached skill level 8 in Unarmed Combat
 15269 | Lair:1   | Gained mutation: You occasionally lose the ability to read
                  | scrolls when taking damage. [Ru sacrifice]
 15269 | Lair:1   | Gained mutation: You sometimes lose the ability to read
                  | scrolls when taking damage. [Ru sacrifice]
 15269 | Lair:1   | Reached * piety under Ru
 15270 | Lair:1   | Identified a scroll of acquirement
 15274 | Lair:1   | Acquired the amulet "Egiuw" {rElec rPois Regen+ Str-2}
 15423 | Lair:1   | Reached skill level 4 in Earth Magic
 15567 | Lair:1   | HP: 30/120 [yak (6)]
 15570 | Lair:1   | Reached skill level 5 in Earth Magic
 15572 | Lair:1   | HP: 30/120 [yak (1)]
 15577 | Lair:1   | HP: 29/120 [yak (6)]
 15850 | Lair:1   | You pick up a book of Storms and begin reading...
 15850 | Lair:1   | You add the spells Static Discharge and Summon Lightning
                  | Spire to your library.
 16242 | Lair:2   | Reached skill level 6 in Earth Magic
 16455 | Lair:2   | Found a staircase to the Shoals.
 16464 | Lair:2   | Reached skill level 7 in Earth Magic
 16789 | Lair:2   | Found a staircase to the Snake Pit.
 16821 | Lair:2   | Reached skill level 8 in Earth Magic
 17051 | Lair:2   | Noticed a six-headed hydra
 17059 | Lair:2   | Killed a six-headed hydra
 17290 | Lair:3   | Reached skill level 9 in Earth Magic
 17314 | Lair:3   | Reached XP level 13. HP: 103/105 MP: 19/19
 17314 | Lair:3   | Gained mutation: You cannot study or use magical devices.
                  | [Ru sacrifice]
 17314 | Lair:3   | Reached ** piety under Ru
 17314 | Lair:3   | Reached *** piety under Ru
 17866 | Lair:3   | Identified the +0 sling "Xubuegoq" {speed, rF+ rN+}
 17893 | Lair:3   | Identified the +5 flail of Oozing Pus {spect, rPois Dex+3}
 17905 | Lair:3   | Reached skill level 10 in Earth Magic
 18931 | Lair:4   | Reached skill level 11 in Earth Magic
 19333 | Lair:4   | Gained mutation: You cannot train Armour skill. [Ru
                  | sacrifice]
 19333 | Lair:4   | Reached **** piety under Ru
 19653 | Lair:4   | Found a viscous altar of Jiyva.
 19653 | Lair:4   | Found a staircase to the Slime Pits.
 19883 | Lair:5   | Entered Level 5 of the Lair of Beasts
 19883 | Lair:5   | Found a shimmering altar of Xom.
 19932 | Lair:5   | Reached skill level 12 in Earth Magic
 20259 | Lair:5   | Found a gate leading to a gauntlet.
 20271 | Lair:5   | Reached skill level 8 in Fighting
 20527 | Lair:5   | Reached skill level 9 in Unarmed Combat
 20669 | Lair:5   | Gained mutation: You are mostly covered in sharp spines.
                  | [demonic ancestry]
 20669 | Lair:5   | Reached XP level 14. HP: 116/116 MP: 17/20
 20671 | Lair:5   | Reached skill level 9 in Fighting
 21087 | Lair:5   | HP: 27/152 [dire elephant (22)]
 21090 | Lair:5   | HP: 4/152 [dire elephant simulacrum[a necromancer] (15)]
 21091 | Lair:5   | HP: 1/152 [dire elephant simulacrum[a necromancer] (4)]
 21091 | Lair:5   | Annihilated by a dire elephant simulacrum

Vanquished Creatures
  A dire elephant (Lair:5)
  2 hydras
  3 two-headed ogres
  A boulder beetle (D:11)
  6 death yaks (Lair:5)
  A spectral death yak (Lair:5)
  4 skysharks
  Pikel (D:6)
  An oklob plant (Lair:5)
  2 necromancers
  4 manticores
  A black mamba (Lair:5)
  Joseph (D:8)
  Maurice (D:8)
  12 elephants
  A dire elephant skeleton (Lair:5)
  11 cane toads
  9 komodo dragons
  3 rime drakes
  A merfolk (D:9)
  4 trolls (D:9)
  4 polar bears
  2 spectral elephants (Lair:5)
  13 blink frogs
  2 shadows (D:11)
  5 wyverns
  Sigmund (D:5)
  3 basilisks
  50 yaks
  3 steam dragons
  2 nagas (Lair:2)
  4 vampire mosquitoes
  2 spectral cane toads (Lair:5)
  A warg (Lair:1)
  19 water moccasins
  An acid dragon (D:11)
  An ice beast (D:7)
  7 black bears (D:9)
  2 elephant zombies (Lair:3)
  8 orc warriors
  An ogre (D:5)
  6 wolves (Lair:1)
  4 centaurs
  A lemure (D:6)
  2 phantoms (D:5)
  5 kobold brigands
  A komodo dragon zombie (Lair:3)
  2 elf zombies (Ossuary)
  15 bullfrogs
  6 gnoll sergeants
  6 scorpions
  18 wights
  2 elephant simulacra (Lair:5)
  9 killer bees
  3 howler monkeys
  9 electric eels
  A basilisk zombie (Lair:3)
  4 hounds
  A human zombie (Ossuary)
  5 jellies
  10 orc priests
  3 sleepcaps
  3 gnoll boudas
  4 iguanas
  7 orc wizards
  2 mummies (Ossuary)
  Robin (D:3)
  19 gnolls
  7 adders
  4 white imps
  3 ufetubi
  3 adder zombies (Ossuary)
  2 worms (D:2)
  A dart slug (D:1)
  38 orcs
  8 ball pythons
  6 endoplasms
  6 giant cockroaches
  19 goblins
  9 hobgoblins
  3 jackals (D:3)
  3 quokkas
  3 bats
  5 frilled lizards
  A goblin zombie (Ossuary)
  10 hobgoblin zombies (Ossuary)
  2 jackal zombies (Ossuary)
  22 kobolds
  9 kobold zombies (Ossuary)
  9 orc zombies (Ossuary)
  8 rats
531 creatures vanquished.

Vanquished Creatures (others)
  A blink frog (Lair:5)
  A spectral cane toad (Lair:5)
  A quokka (D:10)
3 creatures vanquished.

Grand Total: 534 creatures vanquished

Table legend:
 A = Non-vault XP
 B = Vault XP
 C = Vault XP percentage of total XP
 D = Non-vault monster count
 E = Vault monster count
 F = Vault count percentage of total count
                 A         B        C        D         E       F
            +---------+---------+-------+---------+---------+-------
      Total |   51411 |   19733 |  27.7 |     368 |     164 |  30.8
            +---------+---------+-------+---------+---------+-------
        D:1 |      69 |       3 |   4.2 |      19 |       2 |   9.5
        D:2 |     131 |       0 |   0.0 |      24 |       0 |   0.0
        D:3 |      62 |      38 |  38.0 |      20 |      13 |  39.4
        D:4 |     511 |      43 |   7.8 |      27 |       1 |   3.6
        D:5 |    1337 |     210 |  13.6 |      32 |       1 |   3.0
        D:6 |     555 |     689 |  55.4 |      10 |       2 |  16.7
        D:7 |     792 |       0 |   0.0 |       9 |       0 |   0.0
        D:8 |    1413 |    1389 |  49.6 |      37 |       8 |  17.8
        D:9 |    1800 |    6671 |  78.8 |      25 |      42 |  62.7
       D:10 |    2461 |       0 |   0.0 |      26 |       0 |   0.0
       D:11 |    4202 |     676 |  13.9 |      11 |      16 |  59.3
     Lair:1 |    2550 |    2653 |  51.0 |      12 |      16 |  57.1
     Lair:2 |    5796 |     942 |  14.0 |      20 |       4 |  16.7
     Lair:3 |    8916 |     940 |   9.5 |      30 |       5 |  14.3
     Lair:4 |    5511 |     181 |   3.2 |      20 |       2 |   9.1
     Lair:5 |   15305 |    4981 |  24.6 |      46 |      13 |  22.0
    Ossuary |       0 |     317 | 100.0 |       0 |      39 | 100.0
            +---------+---------+-------+---------+---------+-------

Skill      XL: |  1  2  3  4  5  6  7  8  9 10 11 12 13 14 |
---------------+-------------------------------------------+-----
Transmutations | 2 3 4 6 7 9 10 12 | 12.0
Unarmed Combat | 3 4 5 7 8 9 |  9.8
Poison Magic   | 1 2 |  2.0
Spellcasting   | 3 4 |  4.0
Ice Magic      | 1 2 4 6 |  6.0
Dodging        | 3 5 6 7 |  7.0
Fighting       | 3 5 7 8 9 |  9.5
Earth Magic    | 1 9 12 | 12.0

Action                     |  1- 3 |  4- 6 |  7- 9 | 10-12 | 13-15 || total
---------------------------+-------+-------+-------+-------+-------++-------
  Melee: Unarmed           |    74 |   194 |   361 |   747 |   343 ||  1719
         Headbutt          |    12 |     1 |       |       |       ||    13
         Kick              |    14 |     5 |       |    67 |   175 ||   261
         Punch             |       |       |       |     8 |    33 ||    41
   Cast: Beastly Appendage |    16 |     1 |       |       |     1 ||    18
         Spider Form       |     3 |    24 |     2 |       |       ||    29
         Wereblood         |       |     7 |    16 |    25 |     9 ||    57
         Ice Form          |       |     2 |    34 |    59 |       ||    95
         Statue Form       |       |       |       |    10 |    40 ||    50
 Invoke: Sacrifice Words   |       |       |       |     1 |       ||     1
         Sacrifice Artific |       |       |       |       |     1 ||     1
         Sacrifice Durabil |       |       |       |       |     1 ||     1
         Draw Out Power    |       |       |       |       |     1 ||     1
Ability: End Transformatio |       |       |     1 |       |       ||     1
  Evoke: Wand              |       |       |     3 |    16 |       ||    19
    Use: Scroll            |     3 |     8 |     8 |     7 |     1 ||    27
         Potion            |       |     1 |       |       |       ||     1
   Stab: Distracted        |       |       |       |       |     1 ||     1
         Invisible         |       |       |       |       |     1 ||     1
 Armour: Robe              |     5 |     8 |     1 |     1 |     5 ||    20
         Skin              |       |    49 |   152 |   382 |   260 ||   843
  Dodge: Dodged            |    68 |   141 |   178 |   481 |   341 ||  1209
  Block: Other             |       |       |       |   183 |    84 ||   267
         Reflection        |       |       |       |     2 |       ||     2

Illustrated notes

Table legend:
 A = Kills in this place as a percentage of kills in the entire game.
 B = Kills by you in this place as a percentage of kills by you in the entire game.
 C = Kills by friends in this place as a percentage of kills by friends in the entire game.
 D = Other kills in this place as a percentage of other kills in the entire game.
 E = Experience gained in this place as a percentage of experience gained in the entire game.
 F = Experience gained in this place divided by the number of levels of this place that you have seen.
                   A       B       C       D       E      F
               +-------+-------+-------+-------+-------+----------------------
         Total | 100.0 | 100.0 |   N/A | 100.0 | 100.0 | 3952.4
       Dungeon |  61.1 |  61.3 |   N/A |   0.0 |  32.4 | 2095.6
          Lair |  31.6 |  31.3 |   N/A | 100.0 |  67.2 | 9555.0
       Ossuary |   7.3 |   7.4 |   N/A |   0.0 |   0.4 | 317.0
               +-------+-------+-------+-------+-------+----------------------

Table legend: (Time is in decaauts)
 A = Elapsed time spent in this place.
 B = Non-inter-level travel time spent in this place.
 C = Inter-level travel time spent in this place.
 D = Time resting spent in this place.
 E = Time spent auto-exploring this place.
 F = Levels seen in this place.
 G = Mean time per level.
                   A        B        C        D        E       F      G
               +--------+--------+--------+--------+--------+-----+--------+
         Total |  22082 |  21313 |    769 |    469 |  16698 |  18 | 1226.8 |
       Dungeon |  14313 |  13694 |    619 |    415 |  10644 |  11 | 1301.2 |
        Temple |    177 |    142 |     35 |      0 |    131 |   1 |  177.0 |
          Lair |   7054 |   6940 |    114 |     48 |   5578 |   5 | 1410.8 |
       Ossuary |    537 |    537 |      0 |      6 |    344 |   1 |  537.0 |
               +--------+--------+--------+--------+--------+-----+--------+

Top non-repeatable levels by time:
     D:9: 2832 daAuts
  Lair:3: 1939 daAuts
     D:5: 1658 daAuts
  Lair:5: 1520 daAuts
    D:10: 1472 daAuts
    D:11: 1277 daAuts
  Lair:2: 1245 daAuts
     D:8: 1234 daAuts
     D:4: 1221 daAuts
  Lair:1: 1175 daAuts
  Lair:4: 1173 daAuts
     D:1: 1108 daAuts
     D:3: 978 daAuts
     D:7: 936 daAuts
     D:2: 814 daAuts
